 Dungeon Crawl Stone Soup version 0.29-a0-322-g68df515428 (webtiles) character file.

Game seed: 3346499710583812901

70 Morbidden the Conjurer (level 4, 0/31 HPs)
             Began as a Demonspawn Conjurer on Apr 8, 2022.
             Succumbed to an adder's poison
             ... on level 3 of the Dungeon.
             The game lasted 00:01:42 (2766 turns).

Morbidden the Conjurer (Demonspawn Conjurer)        Turns: 2766, Time: 00:01:43

Health: 0/31       AC:  2    Str:  7    XL:     4   Next: 4%
Magic:  1/7        EV: 12    Int: 22    God:
Gold:   80         SH:  0    Dex: 11    Spells: 5/8 levels left

rFire   . . .      SeeInvis .   (no weapon)
rCold   . . .      Faith    .   (no shield)
rNeg    . . .      Spirit   .   a - +0 robe
rPois   .          Reflect  .   (no helmet)
rElec   .          Harm     .   (no cloak)
rCorr   .          Rampage  .   (no gloves)
Will    .....                   (no boots)
Stlth   ++........              (no amulet)
HPRegen 0.10/turn               (no ring)
MPRegen 0.10/turn               (no ring)

@: lethally poisoned (0 -> -1), hasted, very quick
A: demonic guardian 1, weakness stinger 1
a: no special abilities


You were on level 3 of the Dungeon.
You visited 1 branch of the dungeon, and saw 3 of its levels.

You collected 80 gold pieces.

Inventory:

Missiles
 e - 4 poisoned darts
Armour
 a - a +0 robe (worn)
Scrolls
 d - a scroll of magic mapping {unknown}
 f - a scroll of fog {unknown}
 g - a scroll of fear {unknown}
 i - a scroll of noise {unknown}
Potions
 b - a potion of magic
 h - a potion of heal wounds {unknown}


   Skills:
 * Level 0.9 Fighting
 * Level 2.0 Dodging
 + Level 2.2 Stealth
 * Level 2.5 Spellcasting
 * Level 4.8 Conjurations


You had 5 spell levels left.
You knew the following spells:

 Your Spells              Type           Power      Damage    Failure   Level
a - Magic Dart            Conj           92%        1d7       1%          1
b - Searing Ray           Conj           46%        2d6       2%          2

Your spell library contained the following spells:

 Spells                   Type           Power      Damage    Failure   Level
 Dazzling Flash           Conj/Hex       26%        N/A       14%         3
 Fulminant Prism          Conj/Hex       6%         3d7       43%         4
 Iskenderun's Mystic Bla  Conj/Tloc      13%        2d5       43%         4


Dungeon Overview and Level Annotations

Branches:
Dungeon (3/15)

Altars:
Xom


Innate Abilities, Weirdness & Mutations

A weak demonic guardian rushes to your aid.
You have a small tail.


Message History

The orc wizard mumbles some strange words.
The orc wizard flickers and vanishes!
The adder attacks as you move away! The adder bites you.
You are poisoned.
The adder poisons you!
You feel sick. The adder attacks as you move away!
The adder closely misses you.
You feel sick. The adder bites you.
* * * LOW HITPOINT WARNING * * *
Casting: Magic Dart (safe; 1% risk of failure)
Confirm with . or Enter, or press ? or * to list all spells.
Aiming: Searing Ray (safe; 3% risk of failure)
Press: ? - help, Shift-Dir - straight line The searing ray hits the adder.
The adder is heavily wounded. (Press . to maintain the ray.)
* * * LOW HITPOINT WARNING * * *
You feel sick. The adder completely misses you.
Unknown command.
Unknown command.
The searing ray misses the adder.
The searing ray hits something.
* * * LOW HITPOINT WARNING * * *
You feel sick. The adder bites you.
* * * LOW HITPOINT WARNING * * *
Unknown command.
Unknown command.
Unknown command.
Unknown command.
The searing ray hits the adder!
You kill the adder!
The searing ray hits something.
* * * LOW HITPOINT WARNING * * *
You feel sick.
You have reached level 4!
You feel clever.
Your demonic ancestry asserts itself...
You feel the presence of a demonic guardian.
Unknown command.
Unknown command.
Unknown command.
It was a potion of haste.
You feel yourself speed up.
You die...

#.##### #.# #.. #.# #.#
####.###.# #......#<.
#.##.#.#.. #.##.#.#..
#############.##.#.#.#
#...†@......#....#.#.#
#{#########.######.#.#
..o{.o....[.>#.##........#.#
.##o###.#.##.#.########..#..
#....# #.....# #..#.. #.# .#
#.###.####..#.. #.. ..
#.#......#.....
#....###...#.##....#.#
..#.................##.#


There were no monsters in sight!

Vanquished Creatures
  3 adders
  A dart slug (D:1)
  7 ball pythons
  2 bats
  4 endoplasms
  3 giant cockroaches
  2 goblins
  3 hobgoblins
  4 jackals (D:2)
  A quokka (D:1)
  4 frilled lizards
  2 kobolds (D:2)
  4 rats
40 creatures vanquished.

Notes
Turn   | Place    | Note
-------+----------+-------------------------------------------
     0 | D:1      | Morbidden the Demonspawn Conjurer began the quest for the
                  | Orb.
     0 | D:1      | Reached XP level 1. HP: 13/13 MP: 3/3
    12 | D:1      | Found a faded altar of an unknown god.
   519 | D:1      | Gained mutation: You have a small tail. [demonic ancestry]
   519 | D:1      | Reached XP level 2. HP: 19/19 MP: 3/5
  1514 | D:2      | Learned a level 2 spell: Searing Ray
  1747 | D:2      | Reached XP level 3. HP: 25/25 MP: 4/6
  1863 | D:2      | Found a shimmering altar of Xom.
  2765 | D:3      | HP: 1/25 [poisoned by an adder]
  2766 | D:3      | Gained mutation: A weak demonic guardian rushes to your
                  | aid. [demonic ancestry]
  2766 | D:3      | Reached XP level 4. HP: 1/31 MP: 1/7
  2766 | D:3      | Succumbed to an adder's poison

Illustrated notes

Levels and vault maps discovered:
D:1:      roderic_crossed_star, layout_basic,
          ebering_ecumenical_altar_sacrificial
D:2:      layout_loops_ring, basic_altar, minmay_crystal_water
D:3:      layout_basic, ebering_ghost_reflecting_pool, serial_bayou_ford_a,
          uniq_terence

Skill      XL: |  1  2  3 |
---------------+----------+-----
Dodging        | 2 |  2.0
Stealth        | 2 |  2.2
Fighting       | |  0.9
Spellcasting   | |  2.5
Conjurations   | |  4.8

Action                   |  1- 3 |  4- 6 || total
-------------------------+-------+-------++-------
Melee: Unarmed           |    32 |       ||    32
       Tailslap          |     4 |       ||     4
 Cast: Magic Dart        |    79 |       ||    79
       Searing Ray       |     1 |       ||     1
  Use: Potion            |       |     1 ||     1
Armor: Robe              |     7 |       ||     7
Dodge: Dodged            |    37 |       ||    37

Table legend: (Time is in decaauts)
 A = Elapsed time spent in this place.
 B = Non-inter-level travel time spent in this place.
 C = Inter-level travel time spent in this place.
 D = Time resting spent in this place.
 E = Time spent auto-exploring this place.
 F = Levels seen in this place.
 G = Mean time per level.
                   A        B        C        D        E       F      G
               +--------+--------+--------+--------+--------+-----+--------+
         Total |   2768 |   2718 |     50 |    271 |   2164 |   3 |  922.7 |
       Dungeon |   2768 |   2718 |     50 |    271 |   2164 |   3 |  922.7 |
               +--------+--------+--------+--------+--------+-----+--------+

Top non-repeatable levels by time:
     D:1: 1510 daAuts
     D:2: 1100 daAuts
     D:3: 157 daAuts
